 Dungeon Crawl Stone Soup version 0.29-a0-106-g0a07039d5a (webtiles) character file.

Game seed: 14021760817380501980

434 YayAnonymity the Chopper (level 7, -1/52 HPs)
             Began as a Formicid Fighter on Feb 16, 2022.
             Slain by a centaur warrior zombie (8 damage)
             ... on level 5 of the Dungeon.
             The game lasted 00:05:53 (4264 turns).

YayAnonymity the Chopper (Formicid Fighter)         Turns: 4264, Time: 00:05:54

Health: -1/52      AC:  6    Str: 29    XL:     7   Next: 20%
Magic:  7/7        EV:  9    Int:  7    God:
Gold:   152        SH:  5    Dex: 10    Spells: 6/6 levels left

rFire   . . .      SeeInvis +   a - +0 war axe
rCold   . . .      Faith    .   c - +0 buckler
rNeg    . . .      Spirit   .   b - +0 scale mail
rPois   .          Reflect  .   (helmet unavailable)
rElec   .          Harm     .   (no cloak)
rCorr   .          Rampage  .   (no gloves)
Will    .....                   (no boots)
Stlth   ..........              s - amulet of the acrobat
HPRegen 0.17/turn               i - +6 ring of strength
MPRegen 0.10/turn               (no ring)

@: no status effects
A: permanent stasis, dig shafts and tunnels, antennae 3, four strong arms
a: Dig, Shaft Self


You were on level 5 of the Dungeon.
You visited 1 branch of the dungeon, and saw 5 of its levels.

You collected 152 gold pieces.

Inventory:

Hand Weapons
 a - a +0 war axe (weapon)
 o - a +3 dagger of electrocution
Missiles
 r - 2 poisoned darts
Armour
 b - a +0 scale mail (worn)
 c - a +0 buckler (worn)
Jewellery
 i - a +6 ring of strength (left hand)
 s - an amulet of the acrobat (around neck)
 w - an amulet of magic regeneration
Scrolls
 e - 4 scrolls of identify {unknown}
 f - a scroll of fog {unknown}
 g - a scroll of blinking {unknown}
 h - 4 scrolls of teleportation {unknown}
 j - 2 scrolls of enchant armour {unknown}
 k - a scroll of torment {unknown}
 n - 2 scrolls of summoning {unknown}
 q - a scroll of enchant weapon {unknown}
 u - a scroll of fear {unknown}
 v - 2 scrolls of magic mapping {unknown}
Potions
 d - a potion of might
 l - a potion of attraction {unknown}
 m - 2 potions of degeneration {unknown}
 p - a potion of heal wounds {unknown}
 t - a potion of curing {unknown}


   Skills:
 - Level 3.2 Fighting
 + Level 6.1 Axes
 - Level 3.2 Armour
 + Level 5.9 Shields


You had 6 spell levels left.
You didn't know any spells.
Your spell library contained the following spells:

 Spells                   Type           Power      Damage    Failure   Level
 Animate Skeleton         Necr           0%         N/A       75%         1
 Apportation              Tloc           0%         N/A       75%         1
 Sandblast                Erth           0%         2d4       75%         1
 Slow                     Hex            0%         N/A       75%         1
 Summon Small Mammal      Summ           0%         N/A       75%         1
 Passwall                 Tmut/Erth      0%         N/A       87%         2
 Call Canine Familiar     Summ           0%         N/A       98%         3
 Confusing Touch          Hex            0%         N/A       98%         3
 Ozocubu's Armour         Ice            0%         N/A       98%         3
 Stone Arrow              Conj/Erth      0%         3d7       98%         3
 Summon Guardian Golem    Hex/Summ       0%         N/A       98%         3
 Vampiric Draining        Necr           0%         2d6       98%         3
 Ozocubu's Refrigeration  Ice            0%         4d5       100%        7


Dungeon Overview and Level Annotations

Branches:
Dungeon (5/15)
 Temple: D:4-7

Altars:
Zin


Innate Abilities, Weirdness & Mutations

You cannot be hasted, slowed, berserked, paralysed or teleported.
You can dig through walls and to a lower floor.
You have a pair of large antennae on your head. (SInv)
Your four strong arms can wield two-handed weapons with a shield.


Message History

The centaur warrior zombie hits you.
You block the centaur warrior zombie's attack.
You are too injured to fight recklessly!
You are too injured to fight recklessly!
You are too injured to fight recklessly!
You are too injured to fight recklessly!
You hit the centaur warrior zombie but do no damage.
The centaur warrior zombie is heavily damaged.
You block the centaur warrior zombie's attack.
The centaur warrior zombie closely misses you.
The centaur warrior zombie barely misses you.
The centaur warrior zombie kicks you.
You barely miss the centaur warrior zombie.
The centaur warrior zombie is heavily damaged.
The centaur warrior zombie hits you! The centaur warrior zombie kicks you.
* * * LOW HITPOINT WARNING * * *
You hit the centaur warrior zombie but do no damage.
The centaur warrior zombie is heavily damaged.
The centaur warrior zombie hits you but does no damage.
The centaur warrior zombie closely misses you.
The centaur warrior zombie hits you but does no damage.
The centaur warrior zombie completely misses you.
You hit the centaur warrior zombie.
The centaur warrior zombie is heavily damaged.
The centaur warrior zombie barely misses you.
The centaur warrior zombie kicks you but does no damage.
The centaur warrior zombie hits you but does no damage.
The centaur warrior zombie kicks you but does no damage.
You hit the centaur warrior zombie.
The centaur warrior zombie is heavily damaged.
The centaur warrior zombie completely misses you.
The centaur warrior zombie kicks you but does no damage.
You hit the centaur warrior zombie.
The centaur warrior zombie is severely damaged.
The centaur warrior zombie hits you.
* * * LOW HITPOINT WARNING * * *
The centaur warrior zombie kicks you.
* * * LOW HITPOINT WARNING * * *
The centaur warrior zombie hits you!
You die...

....... .......
. ##....... #.
+........ #..
#........ #...
#........ #....
#Z.......
#.....#@†$.....
#......<......?
.###...........
#.....##+##.
....$..+
#.###....# .
.>.... .#.##..
.... ..#


You could see a centaur warrior zombie.

Vanquished Creatures
  An ogre (D:4)
  A necrophage (D:4)
  A water moccasin skeleton (D:4)
  A hound (D:4)
  A centaur skeleton (D:4)
  An iguana (D:4)
  A hound skeleton (D:4)
  3 gnolls
  2 adders
  A worm (D:3)
  2 dart slugs (D:2)
  7 orcs
  3 ball pythons
  4 bats
  5 endoplasms
  2 giant cockroaches (D:4)
  8 goblins
  2 hobgoblins
  6 jackals
  5 quokkas
  2 frilled lizards
  4 kobolds
  3 rats
66 creatures vanquished.

Notes
Turn   | Place    | Note
-------+----------+-------------------------------------------
     0 | D:1      | YayAnonymity the Formicid Fighter began the quest for the
                  | Orb.
     0 | D:1      | Reached XP level 1. HP: 18/18 MP: 1/1
   329 | D:1      | Found a faded altar of an unknown god.
   494 | D:1      | Reached XP level 2. HP: 24/24 MP: 2/2
  1011 | D:2      | Reached skill level 3 in Axes
  1087 | D:2      | Reached XP level 3. HP: 29/29 MP: 3/3
  1642 | D:2      | Reached skill level 4 in Axes
  1642 | D:2      | Reached XP level 4. HP: 27/35 MP: 4/4
  2750 | D:3      | Reached XP level 5. HP: 41/41 MP: 5/5
  2757 | D:3      | Found a glowing silver altar of Zin.
  3239 | D:4      | Noticed an ogre
  3246 | D:4      | Killed an ogre
  3247 | D:4      | Reached skill level 5 in Axes
  3247 | D:4      | Reached XP level 6. HP: 20/47 MP: 6/6
  3340 | D:4      | Noticed a necrophage
  3353 | D:4      | Killed a necrophage
  3354 | D:4      | Reached skill level 5 in Shields
  3916 | D:4      | Reached XP level 7. HP: 48/52 MP: 7/7
  3948 | D:4      | Reached skill level 6 in Axes
  4249 | D:5      | Entered Level 5 of the Dungeon
  4264 | D:5      | Slain by a centaur warrior zombie

Illustrated notes

Levels and vault maps discovered:
D:1:      lemuel_arrival_lava_pool, layout_loops_corners,
          ebering_ecumenical_altar_mist
D:2:      layout_basic
D:3:      layout_loops_ring, zin_treasury, kennysheep_cluttered_room,
          minmay_misc_feat_chi, grunt_decor_arrowhead
D:4:      layout_gridville
D:5:      layout_basic, ebering_dispersal_statue_hall

Skill      XL: |  1  2  3  4  5  6  7 |
---------------+----------------------+-----
Axes           | 3 4 5 6 |  6.1
Shields        | 4 5 |  5.9
Fighting       | |  3.2
Armour         | |  3.2

Action                   |  1- 3 |  4- 6 |  7- 9 || total
-------------------------+-------+-------+-------++-------
Melee: War axe           |    68 |   122 |    31 ||   221
Armor: Scale mail        |    39 |    61 |    25 ||   125
Dodge: Dodged            |    54 |    72 |    22 ||   148
Block: Buckler           |    16 |    26 |    12 ||    54

Table legend: (Time is in decaauts)
 A = Elapsed time spent in this place.
 B = Non-inter-level travel time spent in this place.
 C = Inter-level travel time spent in this place.
 D = Time resting spent in this place.
 E = Time spent auto-exploring this place.
 F = Levels seen in this place.
 G = Mean time per level.
                   A        B        C        D        E       F      G
               +--------+--------+--------+--------+--------+-----+--------+
         Total |   4333 |   4219 |    114 |    375 |   3105 |   5 |  866.6 |
       Dungeon |   4333 |   4219 |    114 |    375 |   3105 |   5 |  866.6 |
               +--------+--------+--------+--------+--------+-----+--------+

Top non-repeatable levels by time:
     D:4: 1256 daAuts
     D:1: 1215 daAuts
     D:2: 1056 daAuts
     D:3: 786 daAuts
     D:5: 17 daAuts
